[Event "55th Rubinstein Memorial-C 2019"]
[Site "Polanica-Zdroj"]
[Date "2019.08.21"]
[Round "5.10"]
[White "Szczesniak, Andrzej"]
[Black "Budzisz, Adrian"]
[Result "1-0"]
[ECO "E20"]
[WhiteElo "1954"]
[BlackElo "1631"]
[Annotator "NA"]
[PlyCount "83"]
[EventDate "2019.08.17"]
[EventType "swiss"]
[EventCountry "POL"]
[SourceTitle "playchess.com"]
[Source "ChessBase"]
[SourceQuality "1"]
[TimeControl "40/5400+30:1800+30"]

1. d4 Nf6 2. c4 e6 3. Nc3 Bb4 4. f3 Bxc3+ 5. bxc3 d5 (5... d6 6. e4 Nbd7 7. Bd3 e5 8. Ne2 O-O 9. O-O Re8 10. Ng3 c5 11. Be3 Nf8 12. dxc5 dxc5 13. Bxc5 {½-½ (36) Blagojevic,D (2534)-Sakelsek,T (2468) Zadar 2006}) 6. cxd5 {[%emt 0:06:10] E20: Nimzo-Indian: 4 g3 and 4 f3} exd5 7. e3 O-O 8. Bd3 Re8 9. Ne2 Nc6 $146 ({Predecessor:} 9... b6 10. O-O Bb7 11. Ng3 Nbd7 12. Re1 c5 13. Bb2 {1-0 (31) Rogovin,A (1867)-Nielsen,P (1687) Bled 2018}) 10. O-O h5 11. Qc2 a6 (11... Ne7 $16 12. Nf4 c5) 12. e4 dxe4 13. fxe4 Bg4 14. Bg5 Re6 15. d5 Rd6 16. dxc6 Rxd3 17. cxb7 Rb8 18. Bxf6 gxf6 19. Nd4 Rxd4 20. cxd4 Qxd4+ 21. Qf2 Qxf2+ 22. Rxf2 Rxb7 23. Rxf6 Rb6 24. Rxb6 cxb6 25. Rc1 Be6 26. a3 b5 27. Rc6 a5 $18 28. Rc5 Bc4 29. Rxh5 b4 30. axb4 axb4 31. Rc5 Bd3 32. Rc8+ Kg7 33. Rb8 Bxe4 34. Rxb4 Bg6 35. Kf2 Kh6 36. Rb5 Kg7 37. Rc5 Kh6 38. Kg3 Kg7 39. Kf4 Kh6 40. Rc6 Kh5 41. g4+ Kh4 42. Rc8 1-0

[Event "55th Rubinstein Memorial-C 2019"]
[Site "Polanica-Zdroj"]
[Date "2019.08.21"]
[Round "5.11"]
[White "Grzelak, Piotr"]
[Black "Bartoszewicz, Marcin"]
[Result "1/2-1/2"]
[ECO "C44"]
[WhiteElo "1673"]
[BlackElo "1950"]
[Annotator "NA"]
[PlyCount "138"]
[EventDate "2019.08.17"]
[EventType "swiss"]
[EventCountry "POL"]
[SourceTitle "playchess.com"]
[Source "ChessBase"]
[SourceQuality "1"]
[TimeControl "40/5400+30:1800+30"]

1. e4 e5 2. Nf3 Nc6 3. d4 exd4 4. Nxd4 Qf6 5. Nxc6 Bc5 6. Qf3 dxc6 7. Nc3 {[%emt 0:05:32] C45: Scotch Game} Qxf3 (7... Be6 8. a3 O-O-O 9. Be3 Bxe3 10. Qxe3 Kb8 11. f4 Nh6 12. Bd3 Qe7 13. O-O-O f6 14. Rhe1 Nf7 {½-½ (58) Nepomniachtchi,I (2763)-Wang,H (2730) St Petersburg 2018}) 8. gxf3 Be6 9. Be3 Bxe3 10. fxe3 Ne7 11. O-O-O f6 $146 ({Predecessor:} 11... O-O 12. Ne2 Rad8 13. Nd4 Bc8 14. Bc4 Bh3 {1-0 (55) Hnydiuk,A (2387)-Warakomski,T (2502) Karpacz 2008}) 12. f4 g6 13. Be2 Kf7 14. h4 f5 15. Bf3 Rad8 16. Rxd8 Rxd8 17. h5 Kg7 18. hxg6 hxg6 19. Rd1 Rd6 20. Rg1 Rd8 21. exf5 Nxf5 22. e4 Ne7 23. f5 Bf7 24. Ne2 Kf6 25. fxg6 Bxg6 26. Nf4 Rh8 27. Re1 Ke5 28. Nd3+ Kf6 29. Nc5 b6 30. Nd3 Rh4 31. Kd2 a5 32. b3 Bf7 33. a3 c5 34. Kc3 Ng6 35. Kd2 Ne5 36. Bg2 $15 Nxd3 37. Kxd3 Ke5 38. Ke3 Bg6 39. Kd3 Rh2 40. Bf3 Rh3 41. Ke2 Bxe4 42. Bxe4 Kxe4 43. Kd2+ Kd4 44. Re7 Rh2+ 45. Kc1 c6 46. Rd7+ Ke5 47. Rb7 b5 48. Ra7 Kd4 49. Rd7+ Ke4 50. Ra7 c4 51. bxc4 bxc4 52. Kb2 Rh5 53. Kc3 Rh3+ 54. Kb2 Kd4 55. Rxa5 Rh7 56. Rg5 Rb7+ 57. Kc1 Ra7 58. Rg4+ Kc5 59. Kb2 Kb5 60. Rg5+ c5 61. Rg4 Ra4 62. Rg3 Ra6 63. Rg4 Rh6 64. a4+ Kb4 65. c3+ Kxa4 66. Rxc4+ Kb5 67. Kb3 Rh1 68. Rg4 Rb1+ 69. Kc2 Re1 1/2-1/2

[Event "55th Rubinstein Memorial-C 2019"]
[Site "Polanica-Zdroj"]
[Date "2019.08.21"]
[Round "5.12"]
[White "Topola, Rafal"]
[Black "Tokmantsev, Ivan"]
[Result "0-1"]
[ECO "C01"]
[WhiteElo "1660"]
[BlackElo "1918"]
[Annotator "NA"]
[PlyCount "120"]
[EventDate "2019.08.17"]
[EventType "swiss"]
[EventCountry "POL"]
[SourceTitle "playchess.com"]
[Source "ChessBase"]
[SourceQuality "1"]
[TimeControl "40/5400+30:1800+30"]

1. e4 e6 2. d4 d5 3. exd5 exd5 4. Nf3 Nf6 5. c4 c6 6. Nc3 Be7 7. Bd3 O-O 8. O-O Bg4 9. cxd5 Nxd5 10. Nxd5 $146 {[%emt 0:20:43] C01: French: Exchange Variation} ({Predecessor:} 10. Re1 Nd7 11. Nxd5 cxd5 12. Bf4 Rc8 13. h3 Bh5 14. Bf5 Bg6 15. Bxg6 fxg6 16. Bg3 Bf6 17. Qb3 Nb6 {½-½ (43) Speelman,J (2610)-Salov,V (2645) Linares 1991}) 10... Qxd5 11. Re1 Bxf3 12. Qxf3 Qxf3 13. gxf3 Bf6 14. Be3 Nd7 15. Rad1 Nb6 16. Bf4 g6 17. Be5 Kg7 18. Bc2 Rad8 19. Bb3 Rd7 20. a4 Rfd8 21. a5 Nd5 22. Bxd5 (22. f4 $142) 22... Rxd5 23. Bxf6+ Kxf6 24. a6 bxa6 25. Ra1 a5 26. Rec1 R8d6 27. Rc5 Rxd4 28. Rcxa5 Rb4 29. Rxa7 $17 Rxb2 30. Rc7 Kg7 31. Kg2 Rc2 32. Ra6 Rf6 33. Ra3 Rf5 34. h4 c5 35. Kg3 h5 36. Re3 Rc4 37. Re4 Rc3 38. Re3 Rc1 39. Re4 Rd1 40. Re3 Rdd5 41. f4 Rd4 42. Rc3 Rdxf4 43. f3 Rd4 44. R7xc5 Rff4 45. Rd3 Rxh4 46. Rxd4 Rxd4 47. f4 Rd3+ 48. Kg2 Kf6 49. Ra5 Ke6 50. f5+ Kf6 51. fxg6 fxg6 52. Rb5 Kg7 53. Ra5 Kh6 54. Kh2 h4 55. Ra8 g5 56. Ra6+ Kh5 57. Ra8 Rd2+ 58. Kg1 h3 59. Rh8+ Kg4 60. Ra8 Kg3 0-1

[Event "55th Rubinstein Memorial-C 2019"]
[Site "Polanica-Zdroj"]
[Date "2019.08.21"]
[Round "5.13"]
[White "Wianecki, Mateusz"]
[Black "Simon, Marek"]
[Result "1-0"]
[ECO "A01"]
[WhiteElo "1634"]
[BlackElo "1879"]
[Annotator "NA"]
[PlyCount "91"]
[EventDate "2019.08.17"]
[EventType "swiss"]
[EventCountry "POL"]
[SourceTitle "playchess.com"]
[Source "ChessBase"]
[SourceQuality "1"]
[TimeControl "40/5400+30:1800+30"]

1. b3 d5 2. Bb2 Nf6 3. e3 g6 4. f4 Bg7 5. Nf3 O-O 6. Be2 c5 7. O-O Nc6 8. Bb5 Bd7 9. Bxc6 Bxc6 10. Ne5 {[%emt 0:00:04] A03: Bird's Opening with 1...d5} Qc7 11. Nxc6 Qxc6 12. Be5 b5 $146 ({Predecessor:} 12... Rad8 13. d3 Qe6 14. Re1 Ng4 15. Bxg7 Kxg7 16. Qd2 Qf6 17. Na3 h5 {0-1 (50) Izbranov,A-Pavlov,O (2292) Krasnoyarsk 2009}) 13. Nc3 b4 14. Ne2 a5 15. a4 e6 16. Qc1 Ne4 17. Bxg7 Kxg7 18. Qb2+ Kg8 19. d3 Nd6 20. Qf6 c4 21. Nd4 Qb6 22. g4 Qd8 23. Qe5 Re8 24. f5 Qg5 25. Rf4 Nxf5 26. Nf3 f6 27. Qc7 Qh6 28. gxf5 e5 29. Rh4 Qxe3+ 30. Kg2 Ra7 31. Qc6 {[%emt 0:01:14] Double Attack} Qe2+ 32. Kg3 Ree7 33. fxg6 f5 34. gxh7+ Rxh7 35. Qc8+ Kg7 36. Rxh7+ Kxh7 37. Qxf5+ {[%emt 0:00:14] Double Attack} Kg8 $18 38. Qe6+ Kf8 39. Qd6+ Kf7 40. Re1 Qxc2 41. Rxe5 Qxd3 42. Qe6+ Kg7 43. Rg5+ Kh7 44. Qg8+ Kh6 45. Qh8+ Rh7 46. Qf6+ 1-0

[Event "55th Rubinstein Memorial-C 2019"]
[Site "Polanica-Zdroj"]
[Date "2019.08.21"]
[Round "5.14"]
[White "Pyka, Roman"]
[Black "Bugaj, Hanna"]
[Result "1-0"]
[ECO "D96"]
[WhiteElo "1860"]
[BlackElo "1622"]
[Annotator "NA"]
[PlyCount "105"]
[EventDate "2019.08.17"]
[EventType "swiss"]
[EventCountry "POL"]
[SourceTitle "playchess.com"]
[Source "ChessBase"]
[SourceQuality "1"]
[TimeControl "40/5400+30:1800+30"]

1. d4 Nf6 2. Nf3 g6 3. c4 Bg7 4. Nc3 d5 5. Qb3 e6 6. Bg5 c6 7. e3 O-O 8. Rc1 {[%emt 0:00:55] D91: Grünfeld: 4 Nf3 Bg7 5 Bg5} (8. Be2 Nbd7 9. O-O h6 10. Bh4 Re8 11. Rfd1 g5 12. Bg3 Nh5 13. Bd6 Bf8 14. Bxf8 Nxf8 15. e4 Nf4 16. Bf1 dxc4 17. Qxc4 {1-0 (27) Kovacevic,V (2454)-Cosic,M (2227) Biograd 2018}) 8... Qb6 $146 ({Predecessor:} 8... Nbd7 9. Bd3 Qb6 10. Qc2 dxc4 11. Bxc4 Qb4 12. Bb3 Nd5 13. O-O Nxc3 14. bxc3 Qa5 15. e4 b6 {1-0 (23) Lejlic,S (2345)-Urbina Perez,J (2183) Caleta 2014}) 9. Qc2 Nbd7 10. Be2 Re8 11. O-O Qc7 12. h3 a6 13. a3 Nb6 14. c5 Nbd7 15. Bf4 Qd8 16. Na4 Nh5 17. Bh2 e5 18. dxe5 Nxe5 19. Nxe5 Bxe5 20. Bxh5 gxh5 21. Nb6 Bxh2+ 22. Kxh2 Rb8 23. Rcd1 Qg5 24. Nxc8 Rbxc8 25. Rd4 Qe5+ 26. g3 Re6 27. Qc3 Rce8 28. Rfd1 Rg6 29. Rf4 Qxc3 30. bxc3 Rge6 31. Rb1 Rb8 32. Rfb4 Re7 33. Rb6 Re4 34. Rxc6 bxc6 35. Rxb8+ Kg7 36. Rb6 Ra4 37. Rxc6 Rxa3 38. Rd6 Rxc3 39. Rxd5 Kg6 40. Rd6+ f6 41. Rxa6 Rxc5 42. Kg2 Kf5 43. h4 Rc4 44. Kf3 Rb4 45. e4+ Kg6 46. e5 Rb3+ 47. Kg2 Kf5 48. Rxf6+ Kxe5 49. Rh6 Ke4 50. Rxh7 Rb5 $18 51. Rg7 Rb6 52. Rg5 Rh6 53. f3+ 1-0

[Event "55th Rubinstein Memorial-C 2019"]
[Site "Polanica-Zdroj"]
[Date "2019.08.21"]
[Round "5.15"]
[White "Koscielny, Edmond"]
[Black "Mytnik, Kinga"]
[Result "1-0"]
[ECO "A02"]
[WhiteElo "1841"]
[BlackElo "1620"]
[Annotator "NA"]
[PlyCount "55"]
[EventDate "2019.08.17"]
[EventType "swiss"]
[EventCountry "POL"]
[SourceTitle "playchess.com"]
[Source "ChessBase"]
[SourceQuality "1"]
[TimeControl "40/5400+30:1800+30"]

1. f4 Nf6 2. Nf3 g6 3. e3 Bg7 4. Be2 O-O 5. O-O d6 6. d4 {[%emt 0:03:01] A02: Bird's Opening} Nc6 (6... Nbd7 7. a4 c5 8. Nc3 cxd4 9. exd4 e6 10. a5 a6 11. Kh1 b5 12. axb6 Nxb6 13. Bd3 {0-1 (56) Schmidt Schaeffer,S (2391)-Sokolov,A (2530) Baden 2014}) 7. c4 e6 8. Nc3 d5 $146 ({Predecessor:} 8... Re8 9. e4 b6 10. a3 Na5 11. b4 Nb7 12. e5 {1-0 (30) Roth,J (1802)-Pinnow,K (1671) Berlin 2003}) 9. c5 Ne4 10. Nxe4 dxe4 11. Ng5 f5 12. Bc4 Qe7 13. Qb3 Re8 14. Bd2 h6 15. Nh3 Nxd4 16. exd4 Bxd4+ 17. Kh1 Qxc5 18. Rac1 Qd6 19. Rfd1 c5 20. Be3 a6 21. Qa3 Rd8 22. Rc2 Qc6 23. Be2 b6 24. Bxd4 Bb7 25. Be3 a5 26. Rcd2 Rxd2 27. Rxd2 Qc7 $18 28. Qc3 1-0

[Event "55th Rubinstein Memorial-C 2019"]
[Site "Polanica-Zdroj"]
[Date "2019.08.21"]
[Round "5.16"]
[White "Wrona, Florian"]
[Black "Mike, Patryk"]
[Result "0-1"]
[ECO "C23"]
[WhiteElo "1606"]
[BlackElo "1840"]
[Annotator "NA"]
[PlyCount "78"]
[EventDate "2019.08.17"]
[EventType "swiss"]
[EventCountry "POL"]
[SourceTitle "playchess.com"]
[Source "ChessBase"]
[SourceQuality "1"]
[TimeControl "40/5400+30:1800+30"]

1. e4 e5 2. Nf3 Nc6 3. Bc4 Bc5 4. c3 d6 5. d4 exd4 6. cxd4 Bb6 7. h3 Nf6 8. Nc3 O-O 9. O-O Nxe4 {[%emt 0:04:10] C56: Two Knights: 4 d4 exd4 5 0-0 Nxe4} 10. Bxf7+ (10. Nxe4 d5 11. Bg5 Qd7 12. Bb5 dxe4 13. Ne5 Qxd4 14. Nxc6 bxc6 15. Bxc6 Rb8 16. Qc2 Ba6 17. Rfe1 {0-1 (31) Paehtz,E (2452)-Lagno,K (2543) Beijing 2013}) 10... Rxf7 11. Nxe4 h6 12. Re1 $146 ({Predecessor:} 12. Ng3 Qf8 13. Kh2 Bd7 14. Be3 Re8 15. Rc1 Ne7 16. d5 Bxe3 17. fxe3 Nf5 18. Nxf5 Bxf5 19. Qd4 Be4 20. Nd2 c5 21. dxc6 Bxc6 22. Kg1 Rxf1+ 23. Rxf1 Qe7 24. e4 {½-½ (24) Cuellar Elisvan,D (2289)-Estrada Nieto,J (2302) Lima 2013}) 12... Bf5 13. Ng3 Bh7 14. a3 Qd7 15. Be3 Ne7 16. a4 c6 17. a5 Bd8 18. Qd2 Nd5 19. b4 Bf6 20. Nh5 Qf5 21. Nxf6+ Qxf6 22. Nh2 Bf5 23. f3 Re8 24. Bf2 Rfe7 25. Ng4 Bxg4 26. hxg4 Kf7 27. a6 b5 28. Rac1 Rxe1+ 29. Bxe1 Rc8 30. Bf2 Qf4 (30... Ke7 $17) 31. Qe1 $11 Re8 32. Qd1 Rc8 33. g3 Qf6 34. Be1 Ke7 35. Qd3 Kd7 36. Kf2 Ne7 37. Bd2 Qg6 (37... Rd8 $17) 38. Qb3 $17 (38. Qxg6 $11 {keeps the balance.} Nxg6 39. g5) 38... Rf8 39. Kg2 Nd5 0-1

[Event "55th Rubinstein Memorial-C 2019"]
[Site "Polanica-Zdroj"]
[Date "2019.08.21"]
[Round "5.17"]
[White "Wierzbicki, Dawid"]
[Black "Sypien, Natan"]
[Result "0-1"]
[ECO "C50"]
[WhiteElo "1598"]
[BlackElo "1819"]
[Annotator "NA"]
[PlyCount "74"]
[EventDate "2019.08.17"]
[EventType "swiss"]
[EventCountry "POL"]
[SourceTitle "playchess.com"]
[Source "ChessBase"]
[SourceQuality "1"]
[TimeControl "40/5400+30:1800+30"]

1. e4 e5 2. Nf3 Nc6 3. Bc4 Nf6 4. d3 Bc5 5. O-O O-O 6. c3 d5 7. exd5 Nxd5 8. Re1 Bg4 9. h3 Bh5 10. Nbd2 Nb6 11. Bb5 Bd6 12. Qc2 $146 {[%emt 0:00:50] C55: Two Knights: 4 d3, 4 d4 exd4 5 e5 and Max Lange Attack} ({Predecessor:} 12. Ne4 Re8 13. Bg5 f6 14. Be3 a6 15. Bxc6 bxc6 16. Ng3 Bf7 17. c4 Bb4 18. Re2 Bf8 19. b3 c5 {0-1 (89) Nakamura,H (2777)-Grischuk,A (2766) Saint Louis 2018}) 12... Re8 13. b3 a6 14. Bxc6 $1 bxc6 15. Bb2 Nd7 (15... Nd5 $15) 16. Re3 f5 17. Rae1 c5 18. c4 Qf6 19. Bc3 Re7 20. Qb2 $11 Rae8 21. Qa3 Nb8 22. Qa5 h6 23. a3 Nc6 24. Qxa6 Nd4 25. Bxd4 cxd4 26. R3e2 e4 27. Qb7 exf3 28. Rxe7 Rxe7 29. Rxe7 Qxe7 30. Nxf3 Bxf3 31. gxf3 Qg5+ 32. Kf1 Qc1+ 33. Kg2 Qf4 34. Qd5+ Kh7 35. Kf1 Bxa3 36. h4 Bd6 37. Qf7 Qxf3 0-1

[Event "55th Rubinstein Memorial-C 2019"]
[Site "Polanica-Zdroj"]
[Date "2019.08.21"]
[Round "5.18"]
[White "Myrmus, Mateusz"]
[Black "Ciechonski, Piotr"]
[Result "1-0"]
[ECO "B06"]
[WhiteElo "1598"]
[BlackElo "1767"]
[Annotator "NA"]
[PlyCount "69"]
[EventDate "2019.08.17"]
[EventType "swiss"]
[EventCountry "POL"]
[SourceTitle "playchess.com"]
[Source "ChessBase"]
[SourceQuality "1"]
[TimeControl "40/5400+30:1800+30"]

1. e4 g6 2. d4 Bg7 3. Be3 c5 4. c3 Nf6 5. f3 cxd4 6. cxd4 d5 7. e5 Nfd7 8. Nc3 Qa5 9. Qd2 Nc6 10. Bd3 O-O 11. Nge2 Rd8 12. Bh6 Bxh6 13. Qxh6 Qb4 14. h4 Ncxe5 15. dxe5 Nxe5 16. O-O-O Nxd3+ 17. Rxd3 Bf5 18. Rd4 Qc5 19. g4 e5 20. gxf5 exd4 21. f6 Qf8 22. Qxf8+ Kxf8 23. Nxd4 Rd6 24. h5 g5 25. Re1 Re8 26. Rxe8+ Kxe8 27. Kd2 Rxf6 28. Ke3 Rb6 29. Nxd5 Ra6 30. Nf5 Rxa2 31. Nf6+ Kf8 32. Nxh7+ Kg8 33. Nxg5 f6 34. Ne4 Ra3+ {[%emt 0:00:58] Nxf6+ Kh8+ h6 Rb3+} 35. Kf4 {[%emt 0:09:11] Rxb2 Ne7} 1-0

[Event "55th Rubinstein Memorial-C 2019"]
[Site "Polanica-Zdroj"]
[Date "2019.08.21"]
[Round "5.19"]
[White "Maslanka, Wojciech"]
[Black "Zgoda, Damian"]
[Result "0-1"]
[ECO "B06"]
[WhiteElo "1594"]
[BlackElo "1725"]
[Annotator "NA"]
[PlyCount "98"]
[EventDate "2019.08.17"]
[EventType "swiss"]
[EventCountry "POL"]
[SourceTitle "playchess.com"]
[Source "ChessBase"]
[SourceQuality "1"]
[TimeControl "40/5400+30:1800+30"]

1. e4 g6 2. d4 Bg7 3. c3 d6 4. f4 e6 5. Nf3 Ne7 6. Bd3 Nd7 7. O-O b6 8. Qc2 c5 9. Be3 O-O 10. Nbd2 Nf6 11. dxc5 dxc5 12. Rad1 Ng4 13. Rfe1 Qc7 14. g3 Bb7 15. h3 Nxe3 16. Rxe3 Rad8 17. Be2 Nc6 18. Nf1 Rxd1 19. Qxd1 e5 20. f5 gxf5 21. exf5 Ne7 22. Bd3 Bh6 23. Re1 c4 24. Be4 f6 25. Qa4 Qc5+ 26. Kg2 Bxe4 27. Rxe4 b5 28. Qa6 Qd5 29. Rg4+ Kf7 30. Qxa7 Ra8 31. Qf2 Rxa2 32. Kg1 Nxf5 33. Ng5+ Bxg5 34. Qxf5 Rxb2 35. Qxh7+ Ke6 36. Qg8+ Kd6 37. Qd8+ Ke6 38. Qg8+ Kd6 39. Qd8+ Kc5 40. Qc8+ Qc6 41. Qf8+ Kb6 42. Qb8+ Ka5 43. Qa7+ Qa6 44. Qd7 Qb6+ 45. Kh1 Qf2 46. Qd8+ Ka4 47. Qd1+ Ka3 48. Qa1+ Ra2 49. Qc1+ Bxc1 0-1

[Event "55th Rubinstein Memorial-C 2019"]
[Site "Polanica-Zdroj"]
[Date "2019.08.21"]
[Round "5.20"]
[White "Musial, Igor"]
[Black "Suchanek, Paulina"]
[Result "1-0"]
[ECO "C00"]
[WhiteElo "1717"]
[BlackElo "1593"]
[Annotator "NA"]
[PlyCount "67"]
[EventDate "2019.08.17"]
[EventType "swiss"]
[EventCountry "POL"]
[SourceTitle "playchess.com"]
[Source "ChessBase"]
[SourceQuality "1"]
[TimeControl "40/5400+30:1800+30"]

1. e4 e6 2. d3 d5 3. Nd2 c5 4. Ngf3 Nc6 5. g3 Bd6 6. Bg2 Nge7 7. O-O O-O 8. Re1 Qc7 9. Qe2 f6 10. Nf1 Bd7 11. h4 Be8 12. c3 Bf7 13. exd5 Nxd5 14. N3d2 Rae8 15. Nh2 Qe7 16. Nc4 Bb8 17. h5 Qc7 18. h6 Bg6 19. Ng4 Bh5 20. hxg7 Qxg7 21. Nh6+ Qxh6 22. Bxh6 Bxe2 23. Rxe2 Kf7 24. Bxf8 Rxf8 25. Rae1 Nd8 26. f4 Rg8 27. Kh2 Bxf4 28. gxf4 Nxf4 29. Rd2 b6 30. Rf1 e5 31. Rxf4 exf4 32. Bd5+ Ne6 33. Re2 Kg6 34. Rg2+ 1-0

[Event "55th Rubinstein Memorial-C 2019"]
[Site "Polanica-Zdroj"]
[Date "2019.08.21"]
[Round "5.21"]
[White "Krzyzosiak, Anna"]
[Black "Szydelko, Kazimierz"]
[Result "0-1"]
[ECO "B75"]
[WhiteElo "1590"]
[BlackElo "1717"]
[Annotator "NA"]
[PlyCount "74"]
[EventDate "2019.08.17"]
[EventType "swiss"]
[EventCountry "POL"]
[SourceTitle "playchess.com"]
[Source "ChessBase"]
[SourceQuality "1"]
[TimeControl "40/5400+30:1800+30"]

1. e4 c5 2. Nc3 d6 3. Nf3 g6 4. d4 cxd4 5. Nxd4 Bg7 6. Be3 Nf6 7. f3 a6 8. Qd2 O-O 9. O-O-O b5 10. g4 Bb7 11. h4 h5 12. g5 Nh7 13. Bd3 Nd7 14. f4 Rc8 15. Rhf1 e5 16. Nb3 exf4 17. Bxf4 Ne5 18. Nd5 Bxd5 19. exd5 Nc4 20. Bxc4 bxc4 21. Nd4 c3 22. bxc3 Qa5 23. Bxd6 Qxa2 24. Qe3 Rfe8 25. Qf3 f5 26. gxf6 Bxf6 27. Qg3 Bxd4 28. Qxg6+ Bg7 29. Rf7 Qa1+ 30. Kd2 Qxc3+ 31. Kc1 Qxc2+ 32. Qxc2 Rxc2+ 33. Kxc2 Kxf7 34. Rf1+ Nf6 35. Ba3 Re4 36. d6 Ke6 37. Rh1 Bf8 0-1

[Event "55th Rubinstein Memorial-C 2019"]
[Site "Polanica-Zdroj"]
[Date "2019.08.21"]
[Round "5.22"]
[White "Burdzicki, Jan"]
[Black "Raczek, Krzysztof"]
[Result "1/2-1/2"]
[ECO "A53"]
[WhiteElo "1716"]
[BlackElo "1587"]
[Annotator "NA"]
[PlyCount "120"]
[EventDate "2019.08.17"]
[EventType "swiss"]
[EventCountry "POL"]
[SourceTitle "playchess.com"]
[Source "ChessBase"]
[SourceQuality "1"]
[TimeControl "40/5400+30:1800+30"]

1. d4 Nf6 2. c4 d6 3. Nc3 Nbd7 4. e4 e5 5. d5 Nc5 6. Bd3 a5 7. Nge2 g6 8. O-O Bg7 9. Ng3 h5 10. Bg5 h4 11. Nge2 Rh5 12. f4 exf4 13. Bxf4 h3 14. g3 Bg4 15. Be3 Nfd7 16. Bc2 Ne5 17. Bxc5 dxc5 18. Ba4+ Kf8 19. Qb3 Nf3+ 20. Kh1 Nd2 21. Qb5 Nxf1 22. Rxf1 Bxe2 23. Nxe2 Qe7 24. Bc2 Be5 25. Qxb7 Re8 26. Qa6 Qg5 27. Qxa5 Qe3 28. Qe1 Bxb2 29. Nf4 Qxe1 30. Rxe1 Rh6 31. Rf1 Kg7 32. Rb1 Be5 33. Ne2 Bd6 34. Ng1 Rhh8 35. Nf3 f6 36. Kg1 Rb8 37. Rb5 g5 38. a4 Rb6 39. Nd2 Ra8 40. Kf2 g4 41. Rxb6 cxb6 42. Nf1 Be5 43. Ne3 Bd4 44. Ke2 f5 45. Nxf5+ Kf6 46. Nh6 Kg6 47. Nxg4 Rf8 48. Ne3 Bxe3 49. Kxe3 Kf6 50. Bd3 Ke5 51. Be2 Rf7 52. g4 Rg7 53. Bf3 Rf7 54. Be2 Rf8 55. Bf3 Rf4 56. Ke2 Rf7 57. Ke3 Rg7 58. Be2 Re7 59. Bf3 Ra7 60. Bd1 Rf7 1/2-1/2

[Event "55th Rubinstein Memorial-C 2019"]
[Site "Polanica-Zdroj"]
[Date "2019.08.21"]
[Round "5.23"]
[White "Witkowski, Krzysztof"]
[Black "Wolska, Marta"]
[Result "1-0"]
[ECO "B12"]
[WhiteElo "1707"]
[BlackElo "1516"]
[Annotator "NA"]
[PlyCount "55"]
[EventDate "2019.08.17"]
[EventType "swiss"]
[EventCountry "POL"]
[SourceTitle "playchess.com"]
[Source "ChessBase"]
[SourceQuality "1"]
[TimeControl "40/5400+30:1800+30"]

1. e4 c6 2. d4 d5 3. e5 c5 4. dxc5 Nc6 5. Nf3 Bg4 6. Bb5 Qa5+ 7. Nc3 e6 8. Bd2 Qc7 9. O-O Bxc5 10. h3 Bxf3 11. Qxf3 Nge7 12. Rae1 O-O 13. Bd3 Ng6 14. Qg3 Bd4 15. Nb5 Qb6 16. Nxd4 Qxd4 17. Bc3 Qc5 18. a3 a5 19. Bd2 b5 20. h4 d4 21. f4 f5 22. exf6 Rxf6 23. Qh3 Re8 24. f5 Nge5 25. Bg5 Nxd3 26. cxd3 Rff8 27. f6 h6 28. Bxh6 1-0

[Event "55th Rubinstein Memorial-C 2019"]
[Site "Polanica-Zdroj"]
[Date "2019.08.21"]
[Round "5.24"]
[White "Maslo, Slawomir"]
[Black "Ciesielski, Maciej"]
[Result "1-0"]
[ECO "A34"]
[WhiteElo "1687"]
[BlackElo "1486"]
[Annotator "NA"]
[PlyCount "117"]
[EventDate "2019.08.17"]
[EventType "swiss"]
[EventCountry "POL"]
[SourceTitle "playchess.com"]
[Source "ChessBase"]
[SourceQuality "1"]
[TimeControl "40/5400+30:1800+30"]

1. c4 c5 2. g3 Nf6 3. Nc3 Nc6 4. Bg2 e6 5. Nf3 d5 6. cxd5 exd5 7. d4 cxd4 8. Nxd4 Bc5 9. Be3 Qb6 10. Na4 Qb4+ 11. Bd2 Qxd4 12. e3 Qd3 13. Nxc5 Qb5 14. Nb3 Ne5 15. Bf1 Nd3+ 16. Bxd3 Qxd3 17. Bc3 Qxd1+ 18. Rxd1 Bg4 19. Rd4 Bf3 20. O-O O-O-O 21. Rf4 Bh5 22. Bxf6 gxf6 23. Rxf6 Rhe8 24. Nd4 Kb8 25. h3 Bg6 26. Rd1 Re4 27. a4 a6 28. b4 Rc8 29. a5 Rc4 30. b5 axb5 31. Nxb5 Rc5 32. Rb6 Ra4 33. Nd6 Rcxa5 34. Rxb7+ Ka8 35. Rc1 Ra1 36. Rbc7 Ra6 37. Nc8 Kb8 38. Ne7 Be4 39. g4 R6a2 40. R7c3 Rxc1+ 41. Rxc1 f6 42. Ng8 f5 43. Nf6 Rc2 44. Rxc2 Bxc2 45. Nxd5 fxg4 46. hxg4 Kc8 47. Kh2 Kd7 48. Kg3 Ke6 49. Nf4+ Ke5 50. f3 Kf6 51. e4 Ke5 52. g5 Ba4 53. Nh5 Bc2 54. Nf6 Ba4 55. Nxh7 Ke6 56. f4 Kf7 57. f5 Kg7 58. Nf6 Bc2 59. Kf4 1-0

[Event "55th Rubinstein Memorial-C 2019"]
[Site "Polanica-Zdroj"]
[Date "2019.08.21"]
[Round "5.25"]
[White "Binkowska, Agata"]
[Black "Babczynski, Zbigniew"]
[Result "1-0"]
[ECO "B34"]
[WhiteElo "1896"]
[BlackElo "1551"]
[Annotator "NA"]
[PlyCount "47"]
[EventDate "2019.08.17"]
[EventType "swiss"]
[EventCountry "POL"]
[SourceTitle "playchess.com"]
[Source "ChessBase"]
[SourceQuality "1"]
[TimeControl "40/5400+30:1800+30"]

1. e4 c5 2. Nf3 g6 3. d4 cxd4 4. Nxd4 Nc6 5. Nc3 Bg7 6. Be3 Nf6 7. f3 Qb6 8. Nf5 Qxb2 9. Nxg7+ Kf8 10. Na4 Qb4+ 11. c3 Qa5 12. Bh6 Ng8 13. Qd2 Nxh6 $18 14. Qxh6 Qe5 15. Nf5+ Ke8 16. Ng3 b5 17. Nb2 g5 18. Rc1 Qf4 19. Ne2 Qe3 20. Nd1 Qc5 21. Qg7 Rf8 22. Nd4 Ne5 23. Nb3 Qb6 24. Qxe5 1-0

[Event "55th Rubinstein Memorial-C 2019"]
[Site "Polanica-Zdroj"]
[Date "2019.08.21"]
[Round "5.26"]
[White "Pisarek, Elzbieta"]
[Black "Mackiewicz, Anna"]
[Result "1-0"]
[ECO "C07"]
[WhiteElo "1581"]
[BlackElo "1861"]
[Annotator "NA"]
[PlyCount "101"]
[EventDate "2019.08.17"]
[EventType "swiss"]
[EventCountry "POL"]
[SourceTitle "playchess.com"]
[Source "ChessBase"]
[SourceQuality "1"]
[TimeControl "40/5400+30:1800+30"]

1. e4 e6 2. d4 d5 3. Nd2 c5 4. exd5 Qxd5 5. dxc5 Bxc5 6. Ngf3 Nf6 7. Bc4 Qd6 8. O-O Qc7 9. Qe2 {[%emt 0:03:56] C07: French Tarrasch: 3...c5, 4 Ngf3 and 4 exd5 Qxd5} Nc6 10. Ne4 Nxe4 (10... Be7 11. Rd1 h6 12. Nxf6+ Bxf6 13. Qe4 Ne5 14. Bb5+ Bd7 15. Nxe5 Bxb5 16. Bf4 Bc6 {½-½ (73) Naiditsch,A (2689)-Hou,Y (2588) Khanty-Mansiysk 2009}) 11. Qxe4 Bd6 12. Re1 Bd7 13. Qg4 $146 ({Predecessor:} 13. Bd2) 13... Ne5 14. Nxe5 Bxe5 15. h3 O-O-O 16. c3 h5 17. Qe2 Bf6 18. Be3 Kb8 19. Rac1 g5 20. Bd4 Bxd4 21. cxd4 Qb6 22. d5 exd5 23. Qe5+ Ka8 24. Bxd5 g4 25. hxg4 hxg4 26. Qc7 Qa6 27. Rc5 g3 (27... Qb6 $1 $11 {keeps the balance.}) 28. Qxg3 (28. fxg3 $16 Be6 29. Ra5) 28... Qh6 29. f4 Qb6 30. Rec1 Bf5 31. Qb3 ({Avoid the trap} 31. Bxf7 $2 Qf6 $19) 31... Qxb3 $18 (31... Bg4 $16 {was necessary.}) 32. Bxb3 Be4 33. Bxf7 a6 34. Be6 Ka7 35. Rc8 Bc6 36. Rxd8 Rxd8 37. Rc2 Rd1+ 38. Kf2 Rh1 39. f5 Rh2 40. Kg3 Rh5 41. Kf4 Rh4+ 42. g4 Rh1 43. f6 Re1 44. f7 Bb5 45. Rf2 Rxe6 46. f8=Q Rc6 47. Rd2 Rc1 48. Qh8 Rf1+ 49. Kg5 Bc6 50. Qd4+ Ka8 51. Qb6 1-0